 Dungeon Crawl Stone Soup version 0.20.0-7-g3b7b877 (webtiles) character file.

151 Firecrotchwizard the Skirmisher (level 5, -9/33 HPs)
             Began as a Gargoyle Berserker on May 28, 2017.
             Was a Believer of Trog.
             Mangled by an ogre
             ... wielding a +0 giant club
              (10 damage)
             ... on level 4 of the Dungeon.
             The game lasted 00:04:43 (3036 turns).

Firecrotchwizard the Skirmisher (GrBe)              Turns: 3036, Time: 00:04:43

Health: -9/33      AC: 11    Str: 21    XL:     5   Next: 33%
Magic:  5/5        EV: 11    Int:  7    God:    Trog [**....]
Gold:   250        SH:  0    Dex: 10    Spells: 4/4 levels left

rFire    . . .     SeeInvis .   a - +0 mace
rCold    . . .     Gourm    .   (no shield)
rNeg     + . .     Faith    .   g - +0 ring mail
rPois    ∞         Spirit   .   (no helmet)
rElec    +         Reflect  .   (no cloak)
rCorr    .         Harm     .   i - +0 pair of gloves
MR       +....                  s - +0 pair of boots
Stlth    ..........             (no amulet)
Regen    0.2/turn               j - ring of protection from magic {MR+, !d}
MPRegen  0.1/turn               (no ring)

@: no status effects
A: negative energy resistance 1, electricity resistance, unbreathing,
petrification resistance, rot immunity, AC +4
a: Berserk, Trog's Hand, Burn Spellbooks, Renounce Religion


You were on level 4 of the Dungeon.
You worshipped Trog.
Trog was pleased with you.
You were hungry.

You visited 1 branch of the dungeon, and saw 4 of its levels.

You collected 250 gold pieces.

Inventory:

Hand Weapons
 a - a +0 mace (weapon)
 t - a +1 spear of venom
   (You took it off a gnoll on level 4 of the Dungeon)
Missiles
 v - a throwing net {=f, !d}
Armour
 b - a +0 animal skin
 g - a +0 ring mail (worn)
   (You found it on level 1 of the Dungeon)
 i - a +0 pair of gloves (worn)
   (You found it on level 1 of the Dungeon)
 s - a +0 pair of boots (worn)
   (You found it on level 3 of the Dungeon)
Jewellery
 j - a ring of protection from magic (left hand) {MR+, !d}
   (You found it on level 1 of the Dungeon)
 r - an uncursed ring of magical power {MP+9}
   (You found it on level 3 of the Dungeon)
Scrolls
 h - 4 scrolls of remove curse
 k - a scroll of enchant weapon
 l - 4 scrolls of blinking {unknown}
 m - 3 scrolls of identify
 n - 2 scrolls of teleportation
 p - a scroll of magic mapping {unknown}
 q - a scroll of fog {unknown}
Potions
 e - 5 potions of agility {unknown}
 f - 2 potions of curing {unknown}
 o - a potion of heal wounds {unknown}
Comestibles
 c - 3 bread rations {@e1}
 d - 2 meat rations {@e2}
 u - a royal jelly


   Skills:
 + Level 4.1 Fighting
 * Level 4.1 Maces & Flails
 + Level 3.1 Armour
 + Level 2.6 Dodging


You had 4 spell levels left.
You didn't know any spells.

Dungeon Overview and Level Annotations

Branches:
Dungeon (4/15)
 Temple: D:4-7

Altars:


Innate Abilities, Weirdness & Mutations

You are resistant to torment.
Your stone body is resilient. (AC +4)
You are immune to poison.
You resist negative energy. (rN+)
You are resistant to electric shocks. (rElec)
You can survive without breathing.
You are immune to petrification.
You are immune to rotting.


Message History

You kill the gnoll!
Trog accepts your kill.
You have reached level 5!
The gnoll hits you but does no damage.
You regained 3 hp, and now have 17/49 hp.
MP restored: 5 The gnoll hits you with a spear.
* * * LOW HITPOINT WARNING * * *
Things that are here:
a halberd; a gnoll corpse You take 3 damage, and have 14/49 hp.
You sock the gnoll!
The gnoll hits you from afar with a spear of venom.
* * * LOW HITPOINT WARNING * * *
You take 1 damage, and have 13/49 hp.
You sock the gnoll!
You kill the gnoll!
Trog accepts your kill. The gnoll hits you but does no damage.
The gnoll hits you but does no damage.
Items here: ( ) ? † a spear; a throwing net {=f, !d}; a scroll of remove curse; a gnoll corpse You barely miss the gnoll.
The gnoll hits you with a spear of venom.
* * * LOW HITPOINT WARNING * * *
You take 1 damage, and have 12/49 hp.
You completely miss the gnoll. You hit the gnoll.
The gnoll hits you with a spear of venom!
* * * LOW HITPOINT WARNING * * *
You take 8 damage, and have 4/49 hp.
You sock the gnoll!
You kill the gnoll!
Trog accepts your kill.
You butcher the gnoll corpse.
You are no longer berserk.
You are exhausted.
You feel yourself slow down.
v - a throwing net {=f, !d}
h - 4 scrolls of remove curse (gained 1)
t - 5 chunks of flesh {@w0} (gained 3)
Things that are here:
a spear; a gnoll skeleton You now have 4/33 hp.
Things that are here:
a halberd; a gnoll corpse You butcher the gnoll corpse.
t - 8 chunks of flesh {@w0} (gained 3)
Things that are here:
a halberd; a gnoll skeleton You start resting.
Eating one of 8 chunks of flesh {@w0}.
You eat one of the 8 chunks of flesh {@w0}.
You feel yourself speed up.
You regained 4 hp, and now have 8/33 hp.
You start resting.
You recover from your berserk rage.
You start resting.
Some of the chunks of flesh in your inventory have rotted away.
All of the chunks of flesh in your inventory have rotted away.
You are feeling hungry.
You regained 20 hp, and now have 29/33 hp.
You see here a spear.
t - a spear of venom You see here a spear.
You see here a halberd.
Found a stone staircase leading up.
Health restored: 33
There is a stone staircase leading up here.
An adder comes into view.
An ogre comes into view. It is wielding a giant club.
You barely miss the adder. The adder bites you but does no damage.
The adder misses you.
Your ring mail prevents you from hitting the adder.
The adder bites you but does no damage.
You thump the adder! The adder closely misses you.
The adder bites you but does no damage.
You completely miss the adder. The adder misses you.
You hit the adder but do no damage. The adder bites you but does no damage.
The ogre hits you with a giant club. The adder barely misses you.
You take 3 damage, and have 30/33 hp.
You hit the adder.
You kill the adder!
Trog accepts your kill. The ogre hits you with a giant club.
You take 4 damage, and have 26/33 hp.
You hit the ogre. The ogre closely misses you.
You hit the ogre but do no damage. The ogre hits you but does no damage.
You closely miss the ogre. The ogre misses you.
You sock the ogre! The ogre hits you with a giant club.
You take 4 damage, and have 22/33 hp.
You barely miss the ogre. You hit the ogre.
The ogre hits you but does no damage.
You hit the ogre. The ogre hits you with a giant club!!
Ouch! That really hurt!
* * * LOW HITPOINT WARNING * * *
You take 21 damage, and have 1/33 hp.
MASSIVE DAMAGE!!
You closely miss the ogre. The ogre closely misses you.
You hit the ogre. The ogre hits you with a giant club!
You die...

#.#.##.##........#.#...#.#....#.
#.#.##.###.....###.#####.#.##.#.
>.#.##.# #.......#.....#.#.##.##
###.##.# #.....#.#.....#....#...
#.# #.....#..<....########. ..#
##.....###.....+........ .......
#.....#######.# ......†###.....#
#.# ⌠.....O@..###### #.#
....##....# #.. . #....# ###
#....# #.!..# #....# #....#
#....# ######


You could see an ogre.

Vanquished Creatures
  A worker ant (D:4)
  3 gnolls (D:4)
  6 adders
  A dart slug (D:3)
  A leopard gecko (D:1)
  2 orcs (D:3)
  2 giant cockroaches
  4 goblins
  3 hobgoblins
  3 jackals (D:3)
  2 bats
  8 frilled lizards
  6 kobolds
  2 quokka skeletons (D:4)
  6 rats
50 creatures vanquished.

Notes
Turn   | Place    | Note
-------+----------+-------------------------------------------
     0 | D:1      | Firecrotchwizard the Gargoyle Berserker began the quest for the Orb.
     0 | D:1      | Reached XP level 1. HP: 14/14 MP: 1/1
   271 | D:1      | Reached XP level 2. HP: 19/19 MP: 2/2
   998 | D:2      | Reached XP level 3. HP: 23/23 MP: 3/3
  1168 | D:2      | Reached ** piety under Trog
  1609 | D:2      | Reached skill level 2 in Dodging
  2088 | D:3      | Reached XP level 4. HP: 29/29 MP: 4/4
  2601 | D:4      | Reached skill level 4 in Fighting
  2601 | D:4      | Reached skill level 4 in Maces & Flails
  2601 | D:4      | Reached skill level 3 in Armour
  2746 | D:4      | Reached XP level 5. HP: 16/33 MP: 5/5
  2751 | D:4      | HP: 12/49 [gnoll/spear of venom (1)]
  2753 | D:4      | HP: 4/49 [gnoll/spear of venom (8)]
  3021 | D:4      | Noticed an ogre
  3034 | D:4      | HP: 1/33 [ogre/giant club (21)]
  3036 | D:4      | Mangled by an ogre

Skill      XL: |  1  2  3  4 |
---------------+-------------+-----
Dodging        | 2 |  2.6
Fighting       | 4 |  4.1
Maces & Flails | 4 |  4.1
Armour         | 3 |  3.1

Action                   |  1- 3 |  4- 6 || total
-------------------------+-------+-------++-------
Melee: Mace              |   108 |    82 ||   190
Invok: Berserk           |       |     1 ||     1
  Use: Scroll            |     3 |       ||     3
  Eat: Chunk             |     4 |     3 ||     7
Armor: Ring mail         |    49 |    35 ||    84
Dodge: Dodged            |    72 |    43 ||   115

Vault maps used:
D:1:      co_arrival_random_square_maze
D:2:      columned_hall_lemuel
D:4:      first_bread, solitary_fountain, feat_on_display

Table legend:
 A = Turns spent in this place as a percentage of turns spent in the entire game.
 B = Non-inter-level travel turns spent in this place as a percentage of non-inter-level travel turns spent in the entire game.
 C = Inter-level travel turns spent in this place as a percentage of turns spent in this place.
 D = Turns resting spent in this place as a percentage of non-inter-level travel turns spent in this place.
 E = Turns spent auto-exploring this place as a percentage of non-inter-level travel turns spent in this place.
 F = Non-inter-level travel turns spent in this place divided by the number of levels of this place that you've seen.
                   A       B       C       D       E      F
               +-------+-------+-------+-------+-------+----------------------
         Total | 100.0 | 100.0 |   1.4 |   2.3 |  19.8 | 107.5
       Dungeon | 100.0 | 100.0 |   1.4 |   2.3 |  19.8 | 107.5
               +-------+-------+-------+-------+-------+----------------------

Table legend:
 A = Kills in this place as a percentage of kills in entire the game.
 B = Kills by you in this place as a percentage of kills by you in the entire game.
 C = Kills by friends in this place as a percentage of kills by friends in the entire game.
 D = Other kills in this place as a percentage of other kills in the entire game.
 E = Experience gained in this place as a percentage of experience gained in the entire game.
 F = Experience gained in this place divided by the number of levels of this place that you have seen.
                   A       B       C       D       E      F
               +-------+-------+-------+-------+-------+----------------------
         Total | 100.0 | 100.0 |  -nan |  -nan | 100.0 |  54.0
       Dungeon | 100.0 | 100.0 |  -nan |  -nan | 100.0 |  54.0
               +-------+-------+-------+-------+-------+----------------------
